 Dungeon Crawl Stone Soup version 0.21.0-24-g2553a33 (webtiles) character file.

119 tilp the Conjurer (level 4, 0/33 HPs)
             Began as a Draconian Conjurer on Jan 21, 2018.
             Killed by nerve-wracking pain
             ... invoked by an orc priest
              (9 damage)
             ... on level 2 of the Dungeon.
             The game lasted 00:07:13 (2267 turns).

tilp the Conjurer (Draconian Conjurer)              Turns: 2267, Time: 00:07:13

Health: 0/33       AC:  6    Str: 11    XL:     4   Next: 73%
Magic:  2/7        EV: 12    Int: 16    God:
Gold:   107        SH:  0    Dex: 11    Spells: 4/7 levels left

rFire    . . .     SeeInvis .   f - +0 short sword
rCold    . . .     Gourm    .   (no shield)
rNeg     . . .     Faith    .   (armour unavailable)
rPois    .         Spirit   .   (helmet restricted)
rElec    .         Reflect  .   k - +0 cloak
rCorr    .         Harm     .   (no gloves)
MR       .....                  (no boots)
Stlth    ++........             (no amulet)
HPRegen  0.11/turn              (no ring)
MPRegen  0.10/turn              (no ring)

@: very slightly contaminated
A: unfitting armour, cold-blooded, AC +5
a: no special abilities


You were on level 2 of the Dungeon.
You were hungry.

You visited 1 branch of the dungeon, and saw 2 of its levels.

You collected 107 gold pieces.

Inventory:

Hand Weapons
 f - a +0 short sword (weapon)
 j - a +0 hunting sling
Missiles
 e - 53 stones (quivered)
Armour
 k - a +0 cloak (worn)
Scrolls
 c - 2 scrolls of identify {unknown}
 g - a scroll of magic mapping {unknown}
 i - a scroll of fear {unknown}
Potions
 d - a potion of berserk rage {unknown}
 h - a potion of heal wounds {unknown}
 m - a potion of resistance {unknown}
Books
 a - a book of Conjurations

   Spells                             Type                      Level
   a - Magic Dart                     Conjuration                  1
   b - Searing Ray                    Conjuration                  2
   c - Dazzling Spray                 Conjuration/Hexes            3
   d - Fulminant Prism                Conjuration/Hexes            4
   e - Force Lance                    Conjuration/Translocation    4
   f - Iskenderun's Mystic Blast      Conjuration                  4
Comestibles
 b - 6 rations
 l - 3 chunks of flesh


   Skills:
 - Level 1.7 Dodging
 - Level 1.7 Stealth
 - Level 2.0 Spellcasting
 + Level 6.2 Conjurations


You had 4 spell levels left.
You knew the following spells:

 Your Spells              Type           Power        Failure   Level  Hunger
a - Magic Dart            Conj           ###.         1%          1    #......
b - Searing Ray           Conj           ###...       2%          2    ###....


Dungeon Overview and Level Annotations

Branches:
Dungeon (2/15)

Altars:

Annotations:
D:2 Sigmund


Innate Abilities, Weirdness & Mutations

Your plain brown scales are hard. (AC +5)
You cannot fit into any form of body armour.
You are cold-blooded and may be slowed by cold attacks.


Message History

You are very lightly contaminated with residual magic.
You feel a strange surge of energy!
The orc priest calls down the wrath of Beogh upon you.
You barely resist.
The orc priest hits you but does no damage.
An orc wizard comes into view. It is wielding a dagger.
The orc priest hits you with a short sword.
The orc wizard casts a spell at you. The puff of frost misses you.
The orc priest hits you but does no damage.
You closely miss the orc priest.
The orc priest is heavily wounded.
The orc priest misses you.
The orc priest hits you with a short sword.
* * * LOW HITPOINT WARNING * * *
The orc wizard casts a cantrip, but nothing happens.
Unknown command.
The orc priest mumbles some strange prayers to Beogh against you.
Pain shoots through your body!
You die...

.#.#.#.#.#..###########.#.#.#
..........### ##.##.#
#.#.#.#.#.# #.##.#
..........######## #.##.#
.#.#.#.#.........# #.##.##
........#.######.# #.....#
.#.#.#.....# #.# ###.#.#
......g....# #.# #.#.#
.###.####..# #@# #.#.# .....#
#..#####.# #.#.# ######
#...)..o.# ####.#.##
##.#####o# ####.......#
#...###)###.##.#####.#
#.......[<.#.#.# #.#
#.........###..# #.#
##.####.##>#.#.# #.# #.#
#.###..#.#####.#


You could see an orc priest and an orc wizard.

Vanquished Creatures
  Robin (D:2)
  5 adders (D:2)
  An ooze (D:1)
  2 dart slugs (D:1)
  An orc (D:2)
  5 bats
  2 giant cockroaches (D:1)
  14 goblins
  3 hobgoblins (D:2)
  4 jackals (D:2)
  4 frilled lizards
  7 kobolds
  4 rats
53 creatures vanquished.

Notes
Turn   | Place    | Note
-------+----------+-------------------------------------------
     0 | D:1      | tilp the Draconian Conjurer began the quest for the Orb.
     0 | D:1      | Reached XP level 1. HP: 14/14 MP: 3/3
   365 | D:1      | Reached XP level 2. HP: 20/20 MP: 5/5
   369 | D:1      | Learned a level 2 spell: Searing Ray
  1087 | D:2      | Reached skill level 5 in Conjurations
  1087 | D:2      | Reached XP level 3. HP: 26/26 MP: 3/6
  1629 | D:2      | Reached XP level 4. HP: 33/33 MP: 2/7
  1724 | D:2      | Noticed Sigmund
  2030 | D:2      | Noticed Robin
  2076 | D:2      | Reached skill level 6 in Conjurations
  2204 | D:2      | Killed Robin
  2267 | D:2      | Killed from afar by an orc priest

Skill      XL: |  1  2  3  4 |
---------------+-------------+-----
Conjurations   | 5 6 |  6.2
Dodging        | |  1.7
Stealth        | |  1.7
Spellcasting   | |  2.0

Action                   |  1- 3 |  4- 6 || total
-------------------------+-------+-------++-------
Melee: Unarmed           |    11 |       ||    11
       Short sword       |    49 |    39 ||    88
       Tailslap          |     6 |     3 ||     9
Throw: Stone             |    10 |       ||    10
 Cast: Magic Dart        |    30 |     2 ||    32
       Searing Ray       |     4 |     5 ||     9
 Stab: Sleeping          |     4 |     2 ||     6
  Eat: Chunk             |     3 |     2 ||     5
Armor: Skin              |    25 |    17 ||    42
Dodge: Dodged            |    51 |    25 ||    76
